 Dungeon Crawl Stone Soup version 0.20-a0-936-gaf809b6 (webtiles) character file.

594 Isola the Slasher (level 7, -1/44 HPs)
             Began as a Tengu Fighter on Mar 30, 2017.
             Slain by a phantom (3 damage)
             ... on level 4 of the Dungeon.
             The game lasted 00:05:03 (2745 turns).

Isola the Slasher (Tengu Fighter)                   Turns: 2745, Time: 00:05:03

Health: -1/44      AC:  7    Str: 27    XL:     7   Next: 39%
Magic:  8/8        EV: 12    Int: 10    God:
Gold:   192        SH:  0    Dex: 15    Spells: 6/6 levels left

rFire    . . .     SeeInvis .   a - +0 long sword
rCold    . . .     Gourm    .   (no shield)
rNeg     . . .     Faith    .   b - +0 scale mail
rPois    +         Spirit   .   (helmet restricted)
rElec    .         Reflect  .   (no cloak)
rCorr    .         Harm     .   (no gloves)
MR       .....     Clarity  +   (boots unavailable)
Stlth    ..........             (no amulet)
Regen    0.2/turn               e - +1 ring of protection
MPRegen  0.2/turn               h - +5 ring of strength

@: mighty
A: beak, talons 3, agile 1, clarity, poison resistance, screaming 1, able to fly
1
a: Fly


You were on level 4 of the Dungeon.
You were not hungry.

You visited 1 branch of the dungeon, and saw 4 of its levels.

You collected 192 gold pieces.

Inventory:

Hand Weapons
 a - a +0 long sword (weapon)
Armour
 b - a +0 scale mail (worn)
 c - a +0 shield
Jewellery
 e - a +1 ring of protection (left hand)
 h - a +5 ring of strength (right hand)
Wands
 g - a wand of disintegration (11/24)
 v - a wand of digging (14/24)
Scrolls
 k - a scroll of remove curse {unknown}
 m - a scroll of fear {unknown}
 p - a scroll of enchant weapon {unknown}
 r - 2 scrolls of noise {unknown}
 s - a scroll of immolation
 t - 2 scrolls of random uselessness {unknown}
 w - a scroll of blinking {unknown}
 y - a scroll of teleportation {unknown}
Potions
 i - a potion of magic
 l - a potion of curing
 n - a potion of agility {unknown}
 u - a potion of brilliance {unknown}
Comestibles
 f - 3 bread rations
 j - 2 chunks of flesh
 o - 2 meat rations
 q - a fruit
 x - a royal jelly


   Skills:
 + Level 4.8 Fighting
 * Level 6.3 Long Blades
 - Level 3.2 Armour
 + Level 4.0 Dodging
 - Level 3.0 Shields


You had 6 spell levels left.
You didn't know any spells.

Dungeon Overview and Level Annotations

Branches:
Dungeon (4/15)
 Temple: D:4-7

Altars:
Nemelex Xobeh
Sif Muna


Innate Abilities, Weirdness & Mutations

You have a beak for a mouth.
You have claws for feet.
You can fly.
You are agile. (Dex +2)
You possess an exceptional clarity of mind.
Your system is resistant to poisons. (rPois)
You occasionally shout uncontrollably at your foes.


Message History

You see here a jackal corpse.
You butcher the jackal corpse.
j - 2 chunks of flesh (gained 1)
A phantom comes into view.
You are too injured to fight recklessly!
You are too injured to fight recklessly!
Found a leather armour.
Found an escape hatch in the ceiling.
The phantom hits you!
* * * LOW HITPOINT WARNING * * *
The phantom blinks!
The phantom hits you but does no damage.
You hit the phantom. Your kick misses the phantom.
The phantom is lightly damaged.
The phantom hits you!
* * * LOW HITPOINT WARNING * * *
You slash the phantom! Your kick misses the phantom.
The phantom is moderately damaged.
The phantom hits you but does no damage.
The phantom hits you.
You die...

..(....# #........#
.$.. #......#
##......## ....
#.....###....[..## .#
#.........<......# ..#
#...)..#.........##..##
#....[..##.........[...
#.....#)###...###....#.
#..>..#.###.###.W.#....
###.###†..#.##.@.......
#....##.........##.#.
####. #...#...###
#.##...#...#
#..)...#...#
#..#...#...<.
#....)##.#...$...#
....... ............
...........##...####


You could see a phantom.

Vanquished Creatures
  Grinder (D:4)
  The ghost of valenzione the Covered, an amateur MiFi (D:4)
  An orc wizard (D:3)
  An orc priest (D:3)
  Ijyb (D:3)
  Terence (D:2)
  4 adders
  An ooze (D:4)
  2 worms
  A dart slug (D:3)
  3 leopard geckos
  7 orcs
  5 bats
  15 giant cockroaches
  14 goblins
  8 hobgoblins
  9 jackals
  7 kobolds
  2 quokkas
  A ball python (D:2)
  A ball python skeleton (D:4)
  2 frilled lizards
  8 rats
96 creatures vanquished.

Notes
Turn   | Place    | Note
-------+----------+-------------------------------------------
     0 | D:1      | Isola the Tengu Fighter began the quest for the Orb.
     0 | D:1      | Reached XP level 1. HP: 14/14 MP: 2/2
    72 | D:1      | Reached XP level 2. HP: 12/19 MP: 3/3
   346 | D:1      | Reached skill level 1 in Dodging
   603 | D:1      | Reached XP level 3. HP: 23/23 MP: 4/4
   820 | D:2      | Reached skill level 3 in Long Blades
  1169 | D:2      | Noticed Terence
  1182 | D:2      | Gained mutation: You occasionally shout uncontrollably at your foes. [potion of mutation]
  1182 | D:2      | Gained mutation: You possess an exceptional clarity of mind. [potion of mutation]
  1182 | D:2      | Gained mutation: You are agile. (Dex +2) [potion of mutation]
  1182 | D:2      | Gained mutation: Your system is resistant to poisons. (rPois) [potion of mutation]
  1191 | D:2      | Killed Terence
  1191 | D:2      | Reached XP level 4. HP: 11/29 MP: 5/5
  1836 | D:3      | Gained mutation: You can fly. [Tengu growth]
  1836 | D:3      | Reached XP level 5. HP: 30/33 MP: 6/6
  1837 | D:3      | Reached skill level 4 in Long Blades
  1872 | D:3      | Noticed Ijyb
  1882 | D:3      | Killed Ijyb
  2008 | D:3      | Found a sparkling altar of Nemelex Xobeh.
  2205 | D:3      | Reached XP level 6. HP: 38/38 MP: 7/7
  2582 | D:3      | Found a deep blue altar of Sif Muna.
  2689 | D:4      | Noticed valenzione's ghost (amateur MiFi)
  2691 | D:4      | Reached skill level 5 in Long Blades
  2715 | D:4      | Killed valenzione's ghost
  2717 | D:4      | Noticed Grinder
  2718 | D:4      | Paralysed by Grinder for 2 turns
  2725 | D:4      | Killed Grinder
  2725 | D:4      | Reached skill level 6 in Long Blades
  2725 | D:4      | Reached XP level 7. HP: 15/44 MP: 8/8
  2744 | D:4      | HP: 2/44 [phantom (8)]
  2745 | D:4      | Slain by a phantom

Vault maps used:
D:1:      shiori_arrival_maze
D:2:      minmay_roachtagon, first_bread, corner_web_ring, uniq_terence
D:3:      minmay_wonky_spiral, nemelex_xobeh_ov_fountains_minmay, led_sif_pool,
          uniq_iyjb
D:4:      serial_shops, nicolae_shop_overgrown_old_shop, nicolae_elemental_shop,
          uniq_grinder

Skill      XL: |  1  2  3  4  5  6 |
---------------+-------------------+-----
Dodging        | 1 2 4 |  4.0
Long Blades    | 3 4 6 |  6.3
Fighting       | 4 |  4.8
Armour         | |  3.2
Shields        | |  3.0

Action                   |  1- 3 |  4- 6 |  7- 9 || total
-------------------------+-------+-------+-------++-------
Melee: Long sword        |    88 |   130 |     5 ||   223
       Kick              |    22 |    50 |     1 ||    73
       Peck              |    13 |    29 |       ||    42
  Use: Potion            |     2 |     1 |       ||     3
       Scroll            |       |     4 |       ||     4
  Eat: Chunk             |     1 |     5 |       ||     6
Armor: Scale mail        |    55 |    58 |     3 ||   116
       Skin              |     6 |       |       ||     6
Dodge: Dodged            |    39 |    70 |     1 ||   110
       Rpst.: Long sword |    10 |    25 |     1 ||    36
